 Dungeon Crawl Stone Soup version 0.30-a0-1094-g860fb061e7 (webtiles) character file.

Game seed: 3620581367336347264

109 Esekla the Sneak (level 4, -1/31 HPs)
             Began as an Octopode Delver on Apr 17, 2023.
             Slain by a bullfrog zombie (6 damage)
             ... on level 5 of the Dungeon.
             The game lasted 00:08:00 (471 turns).

Esekla the Sneak (Octopode Delver)                   Turns: 471, Time: 00:08:00

Health: -1/31      AC:  1    Str: 11    XL:     4   Next: 90%
Magic:  5/5        EV: 13    Int: 14    God:
Gold:   13         SH:  0    Dex: 13    Spells: 5/5 levels left

rFire   . . .      SeeInvis .    a - +0 falchion
rCold   . . .      Faith    .    (no shield)
rNeg    . . .      Spirit   .    (helmet restricted)
rPois   .          Reflect  .    (no amulet)
rElec   .          Rampage  .    (no ring)
rCorr   .                        (no ring)
Will    .....                    (no ring)
Stlth   +++++                    (no ring)
HPRegen 0.25/turn                (no ring)
MPRegen 0.09/turn                (no ring)
                                 (no ring)
                                 (no ring)

@: mighty, hasted, very quick
A: almost no armour, amphibious, 8 rings, camouflage 1, gelatinous body 1,
(nimble swimmer 1), tentacles
a: no special abilities


You were on level 5 of the Dungeon.
You visited 2 branches of the dungeon, and saw 2 of its levels.

You collected 13 gold pieces.

Inventory:

Hand Weapons
 a - a +0 falchion (weapon)
Wands
 f - a wand of digging (3)
Scrolls
 b - a scroll of fog
 c - a scroll of enchant weapon {unknown}
 d - a scroll of fear
 g - 2 scrolls of identify {unknown}
 h - a scroll of blinking {unknown}


   Skills:
 * Level 3.5 Fighting
 * Level 2.5 Long Blades
 * Level 2.4 Dodging
 + Level 7.6 Stealth
 * Level 1.1 Spellcasting
 * Level 0.8 Translocations


You had 5 spell levels left.
You didn't know any spells.
Your spell library was empty.

Dungeon Overview and Level Annotations

Branches:
Dungeon (5/15)             Temple (1/1) D:5

Altars:
Ashenzari
Cheibriados
Dithmenos
Elyvilon
Gozag
Kikubaaqudgha
Makhleb
Nemelex Xobeh
Qazlal
Sif Muna
Trog
Uskayaw
Vehumet
Wu Jian
Xom
Yredelemnul
Zin

Annotations:
D:5 1 transporter


Innate Abilities, Weirdness & Mutations

You cannot wear most types of armour.
You are amphibious.
You can wear up to eight rings at the same time.
Your skin changes colour to match your surroundings (Stealth+).
Your rubbery body absorbs attacks. (AC +1, EV +1)
((You are camouflaged when in or above water. (Stealth+)))
You have tentacles for arms and can constrict up to eight enemies at once.


Message History

You constrict the bullfrog zombie, but do no damage.
The bullfrog zombie barely misses you.
You hit the bullfrog zombie but do no damage.
The bullfrog zombie is moderately damaged.
You constrict the bullfrog zombie. The bullfrog zombie hits you.
* * * LOW HITPOINT WARNING * * *
You hit the bullfrog zombie.
The bullfrog zombie is heavily damaged.
You constrict the bullfrog zombie.
The bullfrog zombie completely misses you.
The bullfrog zombie hits you but does no damage.
You slash the bullfrog zombie!
You squeeze the bullfrog zombie, but do no damage.
The bullfrog zombie is severely damaged.
You constrict the bullfrog zombie. You slash the bullfrog zombie!
You destroy the bullfrog zombie!
You hit the bullfrog zombie. Your grab misses the bullfrog zombie.
Your squeeze misses the bullfrog zombie.
The bullfrog zombie is lightly damaged.
The bullfrog zombie hits you but does no damage.
You hit the bullfrog zombie. You grab the bullfrog zombie.
The bullfrog zombie is lightly damaged.
You constrict the bullfrog zombie. The bullfrog zombie misses you.
You hit the bullfrog zombie but do no damage.
You squeeze the bullfrog zombie.
The bullfrog zombie is moderately damaged.
You constrict the bullfrog zombie.
The bullfrog zombie hits you but does no damage.
You hit the bullfrog zombie but do no damage.
The bullfrog zombie is moderately damaged.
You constrict the bullfrog zombie. The bullfrog zombie hits you.
* * * LOW HITPOINT WARNING * * *
It was a potion of might.
You feel very mighty all of a sudden.
You constrict the bullfrog zombie. The bullfrog zombie closely misses you.
You slash the bullfrog zombie!
The bullfrog zombie is almost destroyed.
You constrict the bullfrog zombie. The bullfrog zombie hits you.
You die...

*,,,****,,,,,* *,* ***
*,,,..,,,,88** *,* **,**
*,,,#.,,,8,,* *,* *,,,**
*,,,..#,*,*** *,* ,,,,,**
**,**..,*,## *,*
,,,,,,*****,###.##..## *,*
,,,,,***,,,,,....#...####*,***
*,,,** *,#,,**#.........,,,,,*
,,,,* #,#..* *#@#....#***,*,*
**,,* #.#..# ##Z##...###*,*,*
*,,* ##.#..###w........#*,*,*
##,,###...........#.#...#*,*,*
,.,,,......$.....#.#.#..##,,,*
*#..**#.....##..#.#.#.#..#,***
#..* *#.#..###..#.>.#..#..*
##..#* #........#.#.#.#.#*,*
.#...#####..###..#.#.#....)*


You could see a worm and a bullfrog zombie.

Vanquished Creatures
  A hound (Temple)
  2 bullfrog zombies (D:5)
  A hound zombie (D:5)
  A quokka (D:5)
5 creatures vanquished.

Notes
Turn   | Place    | Note
-------+----------+-------------------------------------------
     0 | D:5      | Esekla the Octopode Delver began the quest for the Orb.
     0 | D:5      | Reached XP level 1. HP: 16/16 MP: 1/1
   123 | D:5      | Noticed a vampire
   127 | D:5      | Found a transporter.
   128 | D:5      | Noticed a troll
   131 | D:5      | Found an opulent altar of Gozag.
   160 | D:5      | Reached skill level 7 in Stealth
   160 | D:5      | Reached XP level 2. HP: 12/21 MP: 2/2
   160 | D:5      | Reached XP level 3. HP: 15/26 MP: 3/3
   212 | D:5      | Noticed a scorpion
   223 | D:5      | Found a staircase to the Ecumenical Temple.
   232 | Temple   | Entered the Ecumenical Temple
   241 | Temple   | Reached XP level 4. HP: 28/31 MP: 3/5
   459 | D:5      | Reached skill level 1 in Spellcasting
   471 | D:5      | Slain by a bullfrog zombie

Illustrated notes

Levels and vault maps discovered:
D:5:      layout_loops_ring, kennysheep_mini, gammafunk_temple_overflow_arena,
          minmay_temple_entry_grid, serial_undead, serial_undead_b,
          serial_undead_a, serial_undead_d, serial_undead_d, serial_undead_b,
          serial_undead_c, mrwooster_statue_mirror
Temple:   nicolae_temple_bog_church

Skill      XL: |  1  2  3  4 |
---------------+-------------+-----
Stealth        | 7 |  7.6
Spellcasting   | 1 |  1.1
Fighting       | |  3.5
Long Blades    | |  2.5
Dodging        | |  2.4
Translocations | |  0.8

Action                     |  1- 3 |  4- 6 || total
---------------------------+-------+-------++-------
  Melee: Falchion          |    13 |    17 ||    30
         Constrict         |     3 |     3 ||     6
         Tentacles         |     1 |     5 ||     6
    Use: Scroll            |     1 |       ||     1
         Potion            |       |     2 ||     2
   Stab: Sleeping          |     1 |       ||     1
 Armour: Skin              |       |     4 ||     4
  Dodge: Dodged            |    10 |    23 ||    33

Table legend: (Time is in decaauts)
 A = Elapsed time spent in this place.
 B = Non-inter-level travel time spent in this place.
 C = Inter-level travel time spent in this place.
 D = Time resting spent in this place.
 E = Time spent auto-exploring this place.
 F = Levels seen in this place.
 G = Mean time per level.
                   A        B        C        D        E       F      G
               +--------+--------+--------+--------+--------+-----+--------+
         Total |    472 |    472 |      0 |     97 |    147 |   2 |  236.0 |
       Dungeon |    258 |    258 |      0 |     57 |      0 |   1 |  258.0 |
        Temple |    213 |    213 |      0 |     40 |    147 |   1 |  213.0 |
               +--------+--------+--------+--------+--------+-----+--------+

Top non-repeatable levels by time:
     D:5: 258 daAuts
  Temple: 213 daAuts
